 Dungeon Crawl Stone Soup version 0.18-a0-1677-g2bdad6c (webtiles) character file.

51 Tobisume the Chopper (level 3, -2/29 HPs)
             Began as a Demonspawn Berserker on Apr 2, 2016.
             Was a Believer of Trog.
             Slain by Sigmund
             ... wielding a +0 scythe
              (4 damage)
             ... on level 2 of the Dungeon.
             The game lasted 00:04:45 (2018 turns).

Tobisume the Chopper (Demonspawn Berserker)         Turns: 2018, Time: 00:04:46

Health: -2/29      AC:  7    Str: 18    XL:     3   Next: 58%
Magic:  3/3        EV: 12    Int:  8    God:    Trog [**....]
Gold:   60         SH:  0    Dex: 12    Spells: 0 memorised, 2 levels left

rFire  . . .     SeeInvis .     a - +0 hand axe
rCold  . . .     Gourm    .     o - +0 scale mail
rNeg   . . .     Faith    .     (no shield)
rPois  .         Spirit   .     (no helmet)
rElec  .         Dismiss  .     (no cloak)
rCorr  .         Reflect  .     m - +0 pair of gloves
SustAt .         Harm     .     (no boots)
MR     .....                    (no amulet)
Stlth  ..........               (no ring)
                                (no ring)

@: not resistant to hostile enchantments, extremely unstealthy
A: talons 1, repulsion field 1
a: Berserk, Trog's Hand, Burn Spellbooks, Renounce Religion


You were on level 2 of the Dungeon.
You worshipped Trog.
Trog was pleased with you.
You were not hungry.

You visited 1 branch of the dungeon, and saw 2 of its levels.

You collected 60 gold pieces.

Inventory:

Hand Weapons
 a - a +0 hand axe (weapon)
Armour
 b - a +0 animal skin
 m - a +0 pair of gloves (worn)
 o - a +0 scale mail (worn)
Scrolls
 f - a scroll of fear {unknown}
 g - 2 scrolls of amnesia {unknown}
 i - a scroll of teleportation {unknown}
 l - a scroll of identify {unknown}
 q - a scroll of noise {unknown}
 r - a scroll of remove curse {unknown}
Potions
 d - 2 potions of ambrosia {unknown}
 e - 2 potions of heal wounds {unknown}
 h - 2 potions of brilliance {unknown}
 j - 2 potions of curing {unknown}
 k - a potion of lignification {unknown}
 n - a potion of resistance {unknown}
Comestibles
 c - 2 bread rations
 p - a meat ration


   Skills:
 - Level 3.1 Fighting
 + Level 4.0 Axes
 - Level 1.8 Armour
 - Level 1.8 Dodging


You had 2 spell levels left.
You didn't know any spells.

Dungeon Overview and Level Annotations

Branches:
Dungeon (2/15)

Altars:
The Shining One

Annotations:
D:2 Sigmund


Innate Abilities, Weirdness & Mutations

You have sharp toenails.
You are surrounded by a mild repulsion field (EV +2).


Message History

Sigmund hits you but does no damage.
Sigmund gestures wildly while chanting.
Sigmund flickers and vanishes!
Deactivating autopickup; reactivate with Ctrl-A.
No target in view!
You closely miss something. Something hits you but does no damage.
You closely miss something. You claw something. You completely miss something.
Something completely misses you.
You miss something. You claw something. Something hits you!
You hit something. You claw something. Something hits you but does no damage.
You closely miss something. Your kick misses something. You miss something.
You claw something. Something hits you.
Your scale mail prevents you from hitting something.
Something hits you!
* * * LOW HITPOINT WARNING * * *
You barely miss something. Something hits you.
* * * LOW HITPOINT WARNING * * *
You barely miss something. Your kick misses something. Something hits you.
You die...

#............###.#####
#.####.......)##.# #.#
##.#....#.#.# #.#
#.........(##### #.#
###....#........ #.#
#####....#.#####. #.#
#{....#.##.# #.
#.####.###.#.##.######
#....@.......##.......
######.###.#.######.##
#.# .. ........## #..
...#####...# ####
#.####.###. ..#......#
#. .........###.
..##.##.#...#
.##.##.##.##


There were no monsters in sight!

Vanquished Creatures
  An ooze (D:1)
  2 worms (D:2)
  2 dart slugs (D:1)
  A giant gecko (D:2)
  2 ball pythons
  3 bats
  2 giant cockroaches (D:1)
  6 goblins
  5 hobgoblins
  2 jackals
  3 kobolds
  A giant newt (D:1)
  2 rats (D:1)
32 creatures vanquished.

Notes
Turn   | Place    | Note
--------------------------------------------------------------
     0 | D:1      | Tobisume the Demonspawn Berserker began the quest for the Orb.
     0 | D:1      | Reached XP level 1. HP: 18/18 MP: 1/1
    37 | D:1      | Reached skill level 3 in Axes
   222 | D:1      | Gained mutation: You have sharp toenails. [demonic ancestry]
   222 | D:1      | Reached XP level 2. HP: 19/24 MP: 2/2
   654 | D:1      | Gained mutation: You are surrounded by a mild repulsion field (EV +2). [demonic ancestry]
   654 | D:1      | Reached XP level 3. HP: 27/29 MP: 3/3
  1027 | D:2      | Reached ** piety under Trog
  1047 | D:1      | HP: 1/29 [jackal (3)]
  1416 | D:2      | Found a glowing golden altar of the Shining One.
  1652 | D:2      | Reached skill level 4 in Axes
  2006 | D:2      | Noticed Sigmund
  2018 | D:2      | Slain by Sigmund

Vault maps used:
D:1:      minmay_arrival_four_houses
D:2:      first_bread, tso_metal_star, uniq_sigmund

Skill      XL: |  1  2  3 |
---------------+----------+-----
Axes           | 3 4 |  4.0
Fighting       | |  3.1
Armour         | |  1.8
Dodging        | |  1.8

Action                   || total
-------------------------++-------
Melee: Hand axe          ||   142
  Use: Potion            ||     1
  Eat: Bread ration      ||     1
